 Dungeon Crawl Stone Soup version 0.29-a0-369-gd956c00756 (webtiles) character file.

Game seed: 2135557420182004065

63 jlumianski the Skirmisher (level 3, -3/30 HPs)
             Began as a Demonspawn Fighter on May 1, 2022.
             Slain by Terence
             ... wielding a +0 morningstar of protection
              (5 damage)
             ... on level 3 of the Dungeon on May 2, 2022.
             The game lasted 00:07:16 (2244 turns).

jlumianski the Skirmisher (Demonspawn Fighter)      Turns: 2244, Time: 00:07:16

Health: -3/30      AC:  9    Str: 18    XL:     3   Next: 89%
Magic:  3/3        EV:  6    Int:  9    God:
Gold:   137        SH:  4    Dex: 12    Spells: 2/2 levels left

rFire   . . .      SeeInvis .   a - +0 war axe
rCold   . . .      Faith    .   c - +0 buckler
rNeg    . . .      Spirit   .   s - +0 chain mail
rPois   +          Reflect  .   (no helmet)
rElec   .          Harm     .   (no cloak)
rCorr   .          Rampage  .   (no gloves)
Will    .....                   (no boots)
Stlth   ..........              (no amulet)
HPRegen 0.10/turn               l - ring of poison resistance
MPRegen 0.08/turn               (no ring)

@: mighty
A: powered by pain 1, weakness stinger 1
a: no special abilities


You were on level 3 of the Dungeon.
You visited 1 branch of the dungeon, and saw 3 of its levels.

You collected 137 gold pieces.

Inventory:

Hand Weapons
 a - a +0 war axe (weapon)
 q - a +3 hunting sling
Missiles
 m - 68 stones (quivered)
Armour
 b - a +0 scale mail
 c - a +0 buckler (worn)
 s - a +0 chain mail (worn)
Magical Staves
 f - a staff of earth
Jewellery
 e - a ring of magical power
 l - a ring of poison resistance (left hand)
 n - a ring of wizardry
Scrolls
 j - a scroll of torment {unknown}
 k - a scroll of teleportation {unknown}
 p - a scroll of enchant armour {unknown}
 r - 2 scrolls of noise {unknown}
 t - a scroll of blinking {unknown}
 u - a scroll of identify
Potions
 g - a potion of lignification
 h - a potion of brilliance {unknown}
 i - a potion of flight {unknown}
 o - a potion of haste {unknown}
 v - a potion of invisibility {unknown}


   Skills:
 + Level 3.7 Fighting
 + Level 2.3 Axes
 + Level 0.1 Slings
 + Level 3.0 Armour
 + Level 0.3 Dodging
 + Level 0.3 Stealth
 + Level 3.0 Shields


You had 2 spell levels left.
You didn't know any spells.
Your spell library was empty.

Dungeon Overview and Level Annotations

Branches:
Dungeon (3/15)

Altars:

Annotations:
D:2 Sigmund
D:3 Terence


Innate Abilities, Weirdness & Mutations

You sometimes gain a little power by taking damage.
You have a small tail.


Message History

Terence is moderately wounded.
Terence says, "Time to say good-bye..."
Terence hits you with a +0 morningstar of protection.
Terence hits you with a +0 morningstar of protection!
* * * LOW HITPOINT WARNING * * *
You barely miss Terence.
You tail-slap Terence, but do no damage.
Terence is moderately wounded.
Terence barely misses you.
You hit Terence but do no damage.
Terence is moderately wounded.
Terence barely misses you.
Terence hits you with a +0 morningstar of protection.
* * * LOW HITPOINT WARNING * * *
Terence attacks as you move away! Terence barely misses you.
Terence attacks as you move away! Terence completely misses you.
You feel very mighty all of a sudden. You block Terence's attack.
You hit Terence but do no damage.
Terence is lightly wounded.
You block Terence's attack.
You hit Terence.
Terence is moderately wounded.
Terence hits you with a +0 morningstar of protection.
* * * LOW HITPOINT WARNING * * *
You hit Terence.
Terence is heavily wounded.
Terence hits you with a +0 morningstar of protection.
* * * LOW HITPOINT WARNING * * *
You block Terence's attack. Terence attacks as you move away!
Terence barely misses you. Terence attacks as you move away!
You block Terence's attack.
As you read the scroll labelled FOUMYILAITT, it crumbles to dust.
It is a scroll of identify.
g - a potion of lignification You block Terence's attack.
Terence attacks as you move away! Terence barely misses you.
Terence attacks as you move away!
Terence hits you with a +0 morningstar of protection.
You die...

#...†.........#
#.#
.........#.####.#
#.# ..#..###.#.#
#.# #.# ....
#...# #.### #.#
... #....
#...###.# ##
..##. #.......#
.#.# .# #...#####
#.#$# .# #@.##
#@.# .........#
##.#####.# #..
####


You could see Terence.

Vanquished Creatures
  3 adders
  2 dart slugs
  3 orcs (D:3)
  A bat (D:3)
  3 goblins
  6 hobgoblins
  2 jackals (D:1)
  A kobold (D:1)
  A quokka (D:1)
  2 ball pythons
  4 frilled lizards
  A rat (D:2)
29 creatures vanquished.

Notes
Turn   | Place    | Note
-------+----------+-------------------------------------------
     0 | D:1      | jlumianski the Demonspawn Fighter began the quest for the
                  | Orb.
     0 | D:1      | Reached XP level 1. HP: 18/18 MP: 1/1
   167 | D:1      | Gained mutation: You sometimes gain a little power by
                  | taking damage. [demonic ancestry]
   167 | D:1      | Reached XP level 2. HP: 16/24 MP: 2/2
  1260 | D:2      | Gained mutation: You have a small tail. [demonic ancestry]
  1260 | D:2      | Reached XP level 3. HP: 29/29 MP: 3/3
  1350 | D:2      | Noticed Sigmund
  2213 | D:3      | Noticed Terence
  2234 | D:3      | HP: 1/30 [Terence/+0 morningstar of protection (3)]
  2244 | D:3      | Slain by Terence

Illustrated notes

Levels and vault maps discovered:
D:1:      dpeg_arrival_tiny_f, layout_basic, hangedman_decor_diamond_cutter
D:2:      layout_loops_ring, uniq_sigmund
D:3:      layout_loops_ring, uniq_terence

Skill      XL: |  1  2 |
---------------+-------+-----
Axes           | 2 |  2.3
Armour         | 3 |  3.0
Shields        | 3 |  3.0
Fighting       | |  3.7
Slings         | |  0.1
Dodging        | |  0.3
Stealth        | |  0.3

Action                   || total
-------------------------++-------
Melee: War axe           ||   110
       Tailslap          ||     2
 Fire: Hunting sling     ||     2
Throw: Stone             ||     2
  Use: Potion            ||     2
       Scroll            ||     1
Armor: Scale mail        ||    25
       Chain mail        ||    30
Dodge: Dodged            ||    51
Block: Buckler           ||    19

Table legend: (Time is in decaauts)
 A = Elapsed time spent in this place.
 B = Non-inter-level travel time spent in this place.
 C = Inter-level travel time spent in this place.
 D = Time resting spent in this place.
 E = Time spent auto-exploring this place.
 F = Levels seen in this place.
 G = Mean time per level.
                   A        B        C        D        E       F      G
               +--------+--------+--------+--------+--------+-----+--------+
         Total |   2293 |   2293 |      0 |    337 |   1293 |   3 |  764.3 |
       Dungeon |   2293 |   2293 |      0 |    337 |   1293 |   3 |  764.3 |
               +--------+--------+--------+--------+--------+-----+--------+

Top non-repeatable levels by time:
     D:1: 863 daAuts
     D:3: 786 daAuts
     D:2: 644 daAuts
